 Dungeon Crawl Stone Soup version 0.31.0-4-g52a2dc7128 (webtiles) character file.

Game seed: 17059695516478301407

112 Bronimir the Chopper (level 4, -1/37 HPs)
             Began as a Hill Orc Reaver on Jan 21, 2024.
             Killed from afar by an orc wizard (12 damage)
             ... with a puff of flame
             ... on level 3 of the Dungeon.
             The game lasted 00:03:15 (1740 turns).

Bronimir the Chopper (Hill Orc Reaver)              Turns: 1740, Time: 00:03:15

Health: -1/37      AC:  6    Str: 16    XL:     4   Next: 93%
Magic:  6/6        EV:  9    Int: 15    God:
Gold:   139        SH:  7    Dex:  9    Spells: 5/6 levels left

rFire   x . .        a - +0 hand axe
rCold   . . .        m - +0 kite shield
rNeg    . . .        v - +3 leather armour of Understanding {rF- Will++ Regen+ Int+2}
rPois   .            (no helmet)
rElec   .            (no cloak)
rCorr   .            (no gloves)
SInv    .            (no boots)
Will    ++...        (no amulet)
Stlth   +            (no ring)
HPRegen 1.06/turn    (no ring)
MPRegen 0.10/turn

%: no passive effects
@: no status effects
A: no striking features
a: no special abilities


You were on level 3 of the Dungeon.
You visited 1 branch of the dungeon, and saw 3 of its levels.

You collected 139 gold pieces.

Inventory:

Hand Weapons
 a - a +0 hand axe (weapon)
Armour
 b - a +0 leather armour
 m - a +0 kite shield (worn)
 v - the +3 leather armour of Understanding (worn) {rF- Will++ Regen+ Int+2}
   (You found it on level 2 of the Dungeon)

   Int+2:     It affects your intelligence (+2).
   rF-:       It makes you vulnerable to fire.
   Will++:    It greatly increases your willpower.
   Regen+:    It increases your rate of health regeneration.
Jewellery
 e - an amulet of magic regeneration
 q - a ring of willpower
Wands
 t - a wand of polymorph (7)
Scrolls
 c - 3 scrolls of fear {unknown}
 d - a scroll of noise {unknown}
 f - a scroll of amnesia {unknown}
 g - 2 scrolls of teleportation {unknown}
 i - a scroll of identify {unknown}
 j - 2 scrolls of enchant armour {unknown}
 n - a scroll of fog {unknown}
Potions
 h - a potion of heal wounds {unknown}
 k - a potion of enlightenment {unknown}
 l - 2 potions of curing {unknown}
 o - a potion of resistance {unknown}
 p - a potion of ambrosia {unknown}
 r - a potion of haste {unknown}
 s - a potion of lignification {unknown}
 u - a potion of mutation {unknown}


   Skills:
 + Level 2.6 Fighting
 * Level 5.6 Axes
 * Level 2.0 Armour
 - Level 1.5 Dodging
 * Level 1.7 Shields
 + Level 1.6 Spellcasting
 + Level 3.2 Conjurations


You had 5 spell levels left.
You knew the following spells:

 Your Spells              Type           Power      Damage    Failure   Level
a - Kiss of Death         Conj/Necr      24%        2d7       41%         1

Your spell library contained the following spells:

 Spells                   Type           Power      Damage    Failure   Level
 Momentum Strike          Conj/Tloc      12%        3d8       56%         2
 Hailstorm                Conj/Ice       6%         3d5       80%         3


Dungeon Overview and Level Annotations

Branches:
Dungeon (3/15)

Altars:


Message History

You closely miss the orc.
The orc priest hits you with a +0 flail!
The orc wizard casts a spell.
The orc wizard flickers and vanishes!
Deactivating autopickup; reactivate with Ctrl-A.
You barely miss the orc priest.
The orc priest is heavily wounded.
You hit the orc. The orc barely misses you.
The orc priest calls down the wrath of Beogh upon you.
You resist with almost no effort.
You slash the orc priest!
You kill the orc priest!
You hit the orc but do no damage. The orc hits you with a +0 whip.
Your Armour skill increases to level 2!
You barely miss the orc.
The orc is almost dead.
You barely miss something. The orc hits you but does no damage.
Something hits you.
You barely miss the orc.
The orc is almost dead.
You closely miss something. You block the orc's attack.
Something hits you but does no damage.
You hit the orc.
You kill the orc!
You hit something but do no damage. You closely miss something.
You completely miss the orc.
You hear some strange, mumbled words.
A puff of flame appears from out of thin air!
The puff of flame hits you! The fire burns you terribly!
The orc hits you with a +0 falchion. The orc hits you but does no damage.
Something hits you.
* * * LOW HITPOINT WARNING * * *
You hit something. You barely miss the orc. Something hits you.
The orc hits you with a +0 falchion.
* * * LOW HITPOINT WARNING * * *
You closely miss something. You hit the orc but do no damage.
You hear some strange, mumbled words.
A puff of flame appears from out of thin air!
The puff of flame hits you! The fire burns you terribly!
You die...

#.# #.#
#.# ###.#
#...#
#.#.#
#.#.#
#.###
#..@#
#..{o...#
##..#.#.#
...#.#
#...# #
#####


You could see an orc.

Vanquished Creatures
  An orc priest (D:3)
  Natasha (D:3)
  2 adders
  A dart slug (D:1)
  A ribbon worm (D:2)
  An orc (D:3)
  A bat (D:1)
  3 endoplasms
  2 giant cockroaches (D:1)
  3 goblins
  A hobgoblin (D:1)
  3 kobolds
  2 quokkas (D:2)
  4 ball pythons (D:2)
  4 frilled lizards
  6 rats
36 creatures vanquished.

Notes
Turn   | Place    | Note
-------+----------+-------------------------------------------
     0 | D:1      | Bronimir the Hill Orc Reaver began the quest for the Orb.
     0 | D:1      | Reached XP level 1. HP: 18/18 MP: 3/3
   166 | D:1      | Reached XP level 2. HP: 24/25 MP: 4/4
   197 | D:1      | Found a faded altar of an unknown god.
   889 | D:2      | Reached XP level 3. HP: 30/30 MP: 5/5
   969 | D:2      | Reached skill level 1 in Shields
  1022 | D:2      | Reached skill level 1 in Armour
  1293 | D:2      | Reached skill level 5 in Axes
  1536 | D:2      | Identified the +3 leather armour of Understanding {rF-
                  | Will++ Regen+ Int+2}
  1650 | D:3      | Noticed Natasha
  1672 | D:3      | Killed Natasha
  1673 | D:3      | Reached XP level 4. HP: 17/37 MP: 6/6
  1740 | D:3      | Killed from afar by an orc wizard

Illustrated notes

Levels and vault maps discovered:
D:1:      amcnicky_arrival_gap_in_the_tavern_cellar, layout_loops_cross,
          hellmonk_ecumenical_altar_leap_of_faith, minmay_misc_feat_tiny
D:2:      layout_basic, corexii_corridor_pit, grunt_ministairs_1
D:3:      layout_basic, uniq_ijyb, uniq_sigmund, uniq_crazy_yiuf_cottage,
          uniq_natasha

Skill      XL: |  1  2  3  4 |
---------------+-------------+-----
Shields        | 1 |  1.7
Armour         | 1 2 |  2.0
Axes           | 5 |  5.6
Fighting       | |  2.6
Dodging        | |  1.5
Spellcasting   | |  1.6
Conjurations   | |  3.2

Action                     |  1- 3 |  4- 6 || total
---------------------------+-------+-------++-------
  Melee: Hand axe          |   132 |    25 ||   157
 Armour: Leather armour    |    71 |    24 ||    95
  Dodge: Dodged            |    61 |     9 ||    70
  Block: Kite shield       |    37 |     9 ||    46
